 Dungeon Crawl Stone Soup version 0.17.1-1-g73c8601 (webtiles) character file.

398 JustSomeDude the Insei (level 6, -8/50 HPs)
             Began as a Demonspawn Monk on Dec 26, 2015.
             Was an Initiate of Kikubaaqudgha.
             Mangled by an air elemental (10 damage)
             ... created by the adversity of Qazlal
             ... on level 5 of the Dungeon.
             The game lasted 00:20:00 (6504 turns).

JustSomeDude the Insei (Demonspawn Monk)            Turns: 6504, Time: 00:20:00

Health: -8/50      AC:  7    Str: 11    XL:     6   Next: 53%
Magic:  12/12      EV: 14    Int: 13    God:    Kikubaaqudgha [......]
Gold:   100        SH:  0    Dex: 16    Spells: 2 memorised, 10 levels left

rFire  + . .     SeeInvis .     o - staff of energy
rCold  . . .     Clarity  .     j - +1 ring mail
rNeg   . . .     SustAt   .     (no shield)
rPois  .         Gourm    .     (no helmet)
rElec  .         Spirit   .     l - +0 cloak
rCorr  .         Warding  .     (no gloves)
rMut   .         Stasis   .     (no boots)
MR     .....                    (no amulet)
Stlth  +.........               d - +3 ring of evasion
                                i - ring of wizardry

@: about to teleport, very slightly contaminated, invisible, very slow, not
resistant to hostile enchantments, very unstealthy
A: claws 1, fire resistance 1
a: Renounce Religion


You were on level 5 of the Dungeon.
You worshipped Kikubaaqudgha.
Kikubaaqudgha was noncommittal.
You were not hungry.

You visited 2 branches of the dungeon, and saw 6 of its levels.

You collected 100 gold pieces.

Inventory:

Armour
 a - a +0 robe
 j - a +1 ring mail (worn)
 l - a +0 cloak (worn)
Magical Staves
 o - an uncursed staff of energy (weapon)
Jewellery
 d - a +3 ring of evasion (right claw)
 i - a ring of wizardry (left claw)
Scrolls
 e - a scroll of enchant armour
 f - 4 scrolls of identify
 g - a scroll of enchant weapon
 h - a scroll of remove curse
Potions
 b - a potion of invisibility
 c - a potion of brilliance (quivered)


   Skills:
 + Level 4.8(2.4) Fighting
 + Level 2.7(1.3) Staves
 + Level 2.6(1.3) Throwing
 + Level 3.2(1.6) Armour
 + Level 4.6(2.3) Dodging
 + Level 3.8(1.9) Stealth
 + Level 5.1(2.5) Unarmed Combat
 * Level 4.2(2.1) Spellcasting
 * Level 0.8(0.4) Conjurations
 * Level 0.8(0.4) Fire Magic
 * Level 0.1(0.0) Air Magic
 + Level 2.9(1.4) Evocations


You had 10 spell levels left.
You knew the following spells:

 Your Spells              Type           Power        Failure   Level  Hunger
a - Shock                 Conj/Air       #...         32%         1    None
b - Throw Flame           Conj/Fire      #.....       52%         2    None


Dungeon Overview and Level Annotations

Branches:
Dungeon (5/15)             Temple (1/1) D:4

Altars:
Ashenzari
Cheibriados
Dithmenos
Elyvilon
Fedhas
Gozag
Kikubaaqudgha
Makhleb
Okawaru
Qazlal
Sif Muna
Trog
Vehumet
Xom
The Shining One

Annotations:
D:4 Sigmund


Innate Abilities, Weirdness & Mutations

You have sharp fingernails.
Your flesh is heat resistant.


Message History

The air elemental hits you but does no damage. x2
The air elemental barely misses you.
The air elemental hits you but does no damage.
The air elemental hits you. The air elemental hits you!
* * * LOW HITPOINT WARNING * * *
The air elemental hits you.
* * * LOW HITPOINT WARNING * * *
The air elemental barely misses you. The air elemental closely misses you.
There is a stone staircase leading down here.
Read which item? (? for menu, Esc to quit)
As you read the scroll labeled XOB HAUWKA, it crumbles to dust.
You feel strangely unstable.
It was a scroll of teleportation.
The air elemental closely misses you. The fire elemental barely misses you.
The air elemental hits you!
* * * LOW HITPOINT WARNING * * *
The air elemental hits you!
You die...
Xom giggles madly!
Kikubaaqudgha rasps: "You have failed me!
Welcome... death!"

####.
##########.....
...............
#...@...#
+..>E...#
#.E.....# #
#..#§.....#
#.#. #§######
... #.#
.#.##.#.##
.......<.#
....####.#


You could see a fire elemental and an air elemental.

Vanquished Creatures
  The ghost of Elvalys the Sneak, a weakling NaAs (D:3)
  2 hounds (D:3)
  An orc wizard (D:3)
  A worker ant (D:4)
  3 gnolls (D:4)
  7 adders
  An ooze (D:2)
  2 worms
  A giant gecko (D:3)
  5 orcs (D:3)
  6 bats
  7 giant cockroaches
  5 hobgoblins
  4 jackals (D:1)
  A quokka (D:4)
  A ball python (D:1)
  9 giant newts
  9 goblins
  4 kobolds
  10 rats
80 creatures vanquished.

Notes
Turn   | Place    | Note
--------------------------------------------------------------
     0 | D:1      | JustSomeDude the Demonspawn Monk began the quest for the Orb.
     0 | D:1      | Reached XP level 1. HP: 18/18 MP: 1/1
   110 | D:1      | Gained mutation: Your flesh is heat resistant. [demonic ancestry]
   110 | D:1      | Reached XP level 2. HP: 21/24 MP: 2/2
   755 | D:1      | Reached skill level 4 in Unarmed Combat
   985 | D:2      | Gained mutation: You have sharp fingernails. [demonic ancestry]
   985 | D:2      | Reached XP level 3. HP: 18/29 MP: 3/3
  1306 | D:2      | Found a blossoming altar of Fedhas.
  2014 | D:3      | Reached skill level 5 in Unarmed Combat
  2014 | D:3      | Reached XP level 4. HP: 7/38 MP: 3/9
  2035 | D:3      | HP: 1/38 [poisoned by an adder]
  2373 | D:3      | Reached XP level 5. HP: 43/43 MP: 10/10
  2395 | D:3      | Found a radiant altar of Vehumet.
  2403 | D:3      | Became a worshipper of Vehumet
  2403 | D:3      | Reached * piety under Vehumet
  2403 | D:3      | Offered knowledge of Shock by Vehumet.
  2403 | D:3      | Reached ** piety under Vehumet
  2623 | D:3      | Learned a level 1 spell: Shock
  2628 | D:3      | Found a bloodstained altar of Trog.
  2643 | D:3      | Offered knowledge of Throw Flame by Vehumet.
  2647 | D:3      | Learned a level 2 spell: Throw Flame
  3021 | D:3      | Noticed Elvalys's ghost (weakling NaAs)
  3073 | D:3      | Killed Elvalys's ghost
  3073 | D:3      | Reached XP level 6. HP: 12/50 MP: 5/12
  3845 | D:4      | Found a staircase to the Ecumenical Temple.
  3851 | Temple   | Entered the Ecumenical Temple
  5398 | Temple   | Fell from the grace of Vehumet
  5398 | Temple   | Became a worshipper of Qazlal Stormbringer
  5403 | Temple   | Fell from the grace of Qazlal
  5403 | Temple   | Became a worshipper of Makhleb the Destroyer
  5408 | Temple   | Fell from the grace of Makhleb
  5408 | Temple   | Became a worshipper of Dithmenos the Shadowed
  5413 | Temple   | Fell from the grace of Dithmenos
  5413 | Temple   | Became a worshipper of Xom of Chaos
  5422 | Temple   | Fell from the grace of Xom
  5422 | Temple   | Became a worshipper of Ashenzari the Shackled
  5432 | Temple   | Fell from the grace of Ashenzari
  5432 | Temple   | Became a worshipper of Sif Muna the Loreminder
  5437 | Temple   | Fell from the grace of Sif Muna
  5437 | Temple   | Became a worshipper of Warmaster Okawaru
  5447 | Temple   | Fell from the grace of Okawaru
  5447 | Temple   | Became a worshipper of Cheibriados the Contemplative
  5452 | Temple   | Fell from the grace of Cheibriados
  5452 | Temple   | Became a worshipper of Kikubaaqudgha
  6406 | D:4      | Noticed Sigmund
  6491 | D:4      | Noticed a fire elemental
  6491 | D:4      | Noticed an air elemental
  6496 | D:5      | Entered Level 5 of the Dungeon
  6503 | D:5      | HP: 2/50 [air elemental[the adversity of Qazlal] (7)]
  6504 | D:5      | Mangled by an air elemental

Action                   |  1- 3 |  4- 6 || total
-------------------------+-------+-------++-------
Melee: Unarmed           |    62 |       ||    62
       Staff             |   132 |   290 ||   422
 Cast: Shock             |       |    10 ||    10
       Throw Flame       |       |    26 ||    26
  Use: Potion            |     5 |     4 ||     9
       Scroll            |       |     7 ||     7
 Stab: Sleeping          |     3 |       ||     3
  Eat: Chunk             |     2 |       ||     2
       Beef jerky        |     1 |     1 ||     2
       Bread ration      |       |     3 ||     3
